 Dungeon Crawl Stone Soup version 0.32-a0-630-g46d191b0ed (webtiles) character file.

Game seed: 14824166858685937402

725 dialectric the Ducker (level 7, -3/54 HPs)
             Began as a Coglin Gladiator on Mar 6, 2024.
             Slain by a hound (5 damage)
             ... on level 5 of the Dungeon.
             The game lasted 00:04:41 (4240 turns).

dialectric the Ducker (Coglin Gladiator)            Turns: 4240, Time: 00:04:42

Health: -3/54      AC: 15    Str: 17    XL:     7   Next: 72%
Magic:  7/7        EV: 13    Int:  7    God:
Gold:   253        SH:  0    Dex: 15    Spells: 6/6 levels left

rFire   . . .        a - +0 trident {Qing}
rCold   . . .        q - +2 short sword (protect) {Ishpreet}
rNeg    . . .        v - +3 leather armour
rPois   .            c - +0 helmet
rElec   .            (no cloak)
rCorr   .            (no gloves)
SInv    .            u - +0 pair of boots
Will    .....        (amulet unavailable)
Stlth   ++           (ring unavailable)
HPRegen 0.29/turn    (ring unavailable)
MPRegen 0.10/turn    (no gizmo)

%: no passive effects
@: under a protective aura, revving
A: off-hand wielding, slow wielding, warmup strikes, no jewellery
a: Invent Gizmo


You were on level 5 of the Dungeon.
You visited 1 branch of the dungeon, and saw 6 of its levels.

You collected 286 gold pieces.
You spent 33 gold pieces at shops.

Inventory:

Hand Weapons
 a - a +0 trident (weapon) {Qing}
 f - a +0 dagger {Surin}
 q - a +2 short sword of protection (offhand) {Ishpreet}
 w - a +1 short sword of holy wrath
Missiles
 d - 2 throwing nets (quivered)
 e - a javelin
 r - 2 poisoned darts
Armour
 b - a +0 leather armour
 c - a +0 helmet (worn)
 u - a +0 pair of boots (worn)
 v - a +3 leather armour (worn)
Scrolls
 i - a scroll of fog {unknown}
 k - 2 scrolls of teleportation
 l - a scroll of vulnerability {unknown}
 n - 4 scrolls of identify {unknown}
 o - 3 scrolls of silence {unknown}
 p - 2 scrolls of blinking {unknown}
 s - a scroll of noise {unknown}
 x - a scroll of amnesia {unknown}
Potions
 g - 3 potions of heal wounds {unknown}
 h - a potion of berserk rage {unknown}
 j - a potion of curing
 m - 2 potions of haste {unknown}
 t - a potion of attraction {unknown}


   Skills:
 + Level 4.0 Fighting
 + Level 1.5 Short Blades
 + Level 4.1 Polearms
 + Level 3.5 Throwing
 + Level 4.1 Dodging
 * Level 3.1 Stealth


You had 6 spell levels left.
You didn't know any spells.
Your spell library contained the following spells:

 Spells                   Type           Power      Damage    Failure   Level
 Freeze                   Ice            0%         1d3       50%         1
 Static Discharge         Conj/Air       0%         3-3/arc   65%         2
 Frozen Ramparts          Ice            0%         1d1       86%         3
 Hailstorm                Conj/Ice       0%         3d5       86%         3
 Airstrike                Air            0%         2d(0-16)  99%         4
 Summon Lightning Spire   Summ/Air       0%         N/A       99%         4


Dungeon Overview and Level Annotations

Branches:
Dungeon (6/15)
 Temple: D:4-7

Altars:

Shops:
D:3 ?   D:5 [

Annotations:
D:5 Pikel


Innate Abilities, Weirdness & Mutations

You can wield a second weapon in your off-hand.
It takes a long time for you to wield or remove held weapons.
Your first few attacks do less damage.
You cannot equip rings or amulets.


Message History

Unknown command.
You hit the jelly with your +2 short sword of protection.
Your weapon exudes an aura of protection.
Your graspers burn!
* * * LOW HITPOINT WARNING * * *
The jelly is lightly wounded.
You hit the jelly but do no damage.
Your graspers burn!
* * * LOW HITPOINT WARNING * * *
The hound bites you but does no damage. The jelly closely misses you.
The hound barely misses you.
Unknown command.
You feel better. The hound bites you. The jelly hits you but does no damage.
Unknown command.
You hit the jelly but do no damage.
Your graspers burn!
* * * LOW HITPOINT WARNING * * *
The jelly is lightly wounded.
You hit the jelly with your +2 short sword of protection.
Your graspers burn!
* * * LOW HITPOINT WARNING * * *
The hound closely misses you. The jelly hits you but does no damage.
The hound bites you.
* * * LOW HITPOINT WARNING * * *
You feel better. The hound bites you but does no damage.
The jelly closely misses you.
You puncture the jelly with your +0 trident!
Your graspers burn!
* * * LOW HITPOINT WARNING * * *
The jelly is almost dead.
You hit the jelly but do no damage.
Your graspers burn!
* * * LOW HITPOINT WARNING * * *
The hound bites you.
* * * LOW HITPOINT WARNING * * *
The jelly hits you but does no damage. The hound misses you.
You hit the jelly but do no damage.
Your graspers burn!
* * * LOW HITPOINT WARNING * * *
The jelly is almost dead.
You hit the jelly with your +2 short sword of protection.
You kill the jelly!
The hound bites you.
You die...

#...#.......#+####.....
#...#.......# #.....
#...#.......# #.....
#...#.......# #.....
#=..#.......# #.....
#...#.......# #.....
#...#.......+ #.....
#...#h......# #.....
#...#.@.....# #.....
#...#..†....# #.....
#...#.......# ######
#...#.......#
#...).).....#
#...#.......#
#...#.......#
#...#.......#
#...#.......#


You could see a hound.

Vanquished Creatures
  Grinder (D:3)
  A scorpion (D:5)
  A bullfrog (D:5)
  A hound (D:4)
  A jelly (D:5)
  3 bombardier beetles
  2 orc priests
  An iguana (D:4)
  Robin (D:2)
  6 adders
  A white imp (D:5)
  4 dart slugs
  A ribbon worm (D:3)
  15 orcs
  8 bats
  6 endoplasms
  7 giant cockroaches
  18 goblins
  6 hobgoblins
  2 jackals (D:3)
  2 quokkas
  2 ball pythons
  6 frilled lizards
  6 kobolds
  7 rats
109 creatures vanquished.

Notes
Turn   | Place    | Note
-------+----------+-------------------------------------------
     0 | D:1      | dialectric the Coglin Gladiator began the quest for the
                  | Orb.
     0 | D:1      | Reached XP level 1. HP: 16/16 MP: 1/1
   290 | D:1      | Reached XP level 2. HP: 22/22 MP: 2/2
   884 | D:2      | Reached XP level 3. HP: 27/27 MP: 3/3
  1061 | D:2      | Reached skill level 1 in Stealth
  1236 | D:2      | Found a faded altar of an unknown god.
  1305 | D:2      | Reached XP level 4. HP: 22/34 MP: 4/4
  1438 | D:2      | Noticed Robin
  1483 | D:2      | Killed Robin
  1819 | D:3      | Reached XP level 5. HP: 40/40 MP: 5/5
  1841 | D:3      | Found Teonad's Magic Scroll Emporium.
  1845 | D:3      | Bought a scroll of teleportation for 33 gold pieces
  1880 | D:3      | Noticed Grinder
  1891 | D:3      | Paralysed by Grinder for 3 turns
  1900 | D:3      | Killed Grinder
  1901 | D:3      | Reached XP level 6. HP: 16/47 MP: 6/6
  2921 | D:4      | Reached XP level 7. HP: 32/52 MP: 7/7
  3275 | D:4      | Reached skill level 1 in Short Blades
  3676 | D:5      | Entered Level 5 of the Dungeon
  3847 | D:5      | Found Ikyenad's Antique Armour Boutique.
  4012 | D:5      | Noticed Pikel
  4014 | D:5      | Paralysed by Pikel for 4 turns
  4029 | D:5      | Paralysed by Pikel for 2 turns
  4117 | D:5      | Identified the ring of Brilliance {rC++ Slay+4}
  4240 | D:5      | HP: 2/54 [acid (5)]
  4240 | D:5      | Slain by a hound

Illustrated notes

Levels and vault maps discovered:
D:1:      dpeg_arrival_subterranean_lakeside_camping, layout_loops_corners,
          nicolae_kite_square_tiling_tiny
D:2:      layout_loops_ring, shapermc_ecumenical_altar_mp_highgroup,
          minmay_hedge_maze, grunt_decor_arrowhead, kennysheep_generic_room_8,
          uniq_robin
D:3:      layout_loops_ring, serial_shops, nicolae_shop_back_alley_shop,
          mrwooster_statue_mirror, uniq_grinder
D:4:      layout_cave_pods
D:5:      layout_gridville, serial_shops, shop, uniq_pikel
D:6:      layout_rooms, minmay_temple_entry_ruins

Skill      XL: |  1  2  3  4  5  6  7 |
---------------+----------------------+-----
Throwing       | 2 3 |  3.5
Polearms       | 3 4 |  4.1
Dodging        | 3 4 |  4.1
Stealth        | 1 2 3 |  3.1
Fighting       | 3 4 |  4.0
Short Blades   | 1 |  1.5

Action                     |  1- 3 |  4- 6 |  7- 9 || total
---------------------------+-------+-------+-------++-------
  Melee: Trident           |    85 |   138 |    85 ||   308
         Dagger            |    61 |    42 |       ||   103
         Short sword       |       |    73 |    59 ||   132
  Throw: Throwing net      |       |     1 |       ||     1
    Use: Potion            |       |     1 |     3 ||     4
         Scroll            |       |       |     1 ||     1
   Stab: Sleeping          |     3 |     4 |     4 ||    11
 Armour: Leather armour    |    32 |    69 |    52 ||   153
  Dodge: Dodged            |    47 |    72 |    57 ||   176

Table legend: (Time is in decaauts)
 A = Elapsed time spent in this place.
 B = Non-inter-level travel time spent in this place.
 C = Inter-level travel time spent in this place.
 D = Time resting spent in this place.
 E = Time spent auto-exploring this place.
 F = Levels seen in this place.
 G = Mean time per level.
                   A        B        C        D        E       F      G
               +--------+--------+--------+--------+--------+-----+--------+
         Total |   4260 |   4016 |    244 |    170 |   2987 |   6 |  710.0 |
       Dungeon |   4260 |   4016 |    244 |    170 |   2987 |   6 |  710.0 |
               +--------+--------+--------+--------+--------+-----+--------+

Top non-repeatable levels by time:
     D:3: 988 daAuts
     D:2: 936 daAuts
     D:4: 915 daAuts
     D:1: 856 daAuts
     D:5: 546 daAuts
     D:6: 17 daAuts
